 Dungeon Crawl Stone Soup version 0.29.1-4-g47bece8355 (webtiles) character file.

Game seed: 12654050091470308351

926 iamoutofideas the Cleaver (level 8, -10/66 HPs)
             Began as a Hill Orc Monk on Dec 8, 2022.
             Mangled by an ogre
             ... wielding a +0 giant spiked club
              (21 damage)
             ... on level 4 of the Dungeon.
             The game lasted 00:06:09 (5113 turns).

iamoutofideas the Cleaver (Hill Orc Monk)           Turns: 5113, Time: 00:06:10

Health: -10/66     AC: 15    Str: 16    XL:     8   Next: 10%
Magic:  8/8        EV: 11    Int: 10    God:
Gold:   266        SH:  0    Dex: 13    Spells: 7/7 levels left

rFire   . . .      SeeInvis .   a - +0 hand axe
rCold   . . .      Faith    .   (no shield)
rNeg    + . .      Spirit   .   y - +1 ring mail {rPois}
rPois   +          Reflect  .   (no helmet)
rElec   .          Harm     .   p - +0 cloak
rCorr   .          Rampage  .   e - +0 pair of gloves
Will    .....                   m - +1 pair of boots
Stlth   ++........              w - amulet of regeneration
HPRegen 1.01/turn               g - +4 ring of protection
MPRegen 0.11/turn               n - ring of positive energy

@: no status effects
A: camouflage 1
a: no special abilities


You were on level 4 of the Dungeon.
You visited 1 branch of the dungeon, and saw 5 of its levels.

You collected 266 gold pieces.

Inventory:

Hand Weapons
 a - a +0 hand axe (weapon)
 q - a +0 war axe
Missiles
 s - a throwing net (quivered)
Armour
 e - a +0 pair of gloves (worn)
 f - a +3 scale mail
 k - a +0 leather armour
 m - a +1 pair of boots (worn)
 p - a +0 cloak (worn)
 y - a +1 ring mail of poison resistance (worn)
 D - a +0 buckler
Jewellery
 c - a ring of see invisible
 g - a +4 ring of protection (left hand)
 n - a ring of positive energy (right hand)
 t - a +6 ring of intelligence
 w - an amulet of regeneration (around neck)
Scrolls
 b - a scroll of torment {unknown}
 h - 5 scrolls of identify {unknown}
 j - 5 scrolls of teleportation {unknown}
 l - a scroll of blinking {unknown}
 o - a scroll of fear {unknown}
 r - a scroll of summoning {unknown}
 u - 2 scrolls of vulnerability {unknown}
 v - a scroll of silence {unknown}
 x - a scroll of brand weapon {unknown}
 z - 3 scrolls of immolation {unknown}
 B - 3 scrolls of amnesia {unknown}
 C - a scroll of magic mapping {unknown}
 E - a scroll of enchant weapon {unknown}
Potions
 d - a potion of lignification
 i - 3 potions of curing


   Skills:
 - Level 4.1 Fighting
 + Level 10.9 Axes
 - Level 4.0 Armour
 - Level 2.7 Dodging
 - Level 1.5 Stealth


You had 7 spell levels left.
You didn't know any spells.
Your spell library contained the following spells:

 Spells                   Type           Power      Damage    Failure   Level
 Confusing Touch          Hex            0%         N/A       90%         3
 Yara's Violent Unravell  Hex/Tmut       0%         3d3       100%        5
 Enfeeble                 Hex            0%         N/A       100%        7


Dungeon Overview and Level Annotations

Branches:
Dungeon (5/15)
 Temple: D:4-7

Altars:
Ashenzari
Kikubaaqudgha
Qazlal


Innate Abilities, Weirdness & Mutations

Your skin changes colour to match your surroundings (Stealth+).


Message History

You hit the iguana. The iguana completely misses you.
The ogre hits you with a +0 giant spiked club!
You hit the ogre but do no damage.
The ogre is heavily wounded.
You hit the iguana.
The iguana bites you but does no damage.
You barely miss the ogre.
The ogre is heavily wounded.
You hit the iguana. The ogre closely misses you. The iguana barely misses you.
You hit the ogre but do no damage.
The ogre is heavily wounded.
You hit the iguana but do no damage. You hit the ogre.
The ogre is severely wounded.
You hit the iguana but do no damage. The iguana barely misses you.
The ogre hits you with a +0 giant spiked club!
* * * LOW HITPOINT WARNING * * *
You completely miss the ogre.
The ogre is severely wounded.
You hit the iguana but do no damage. The iguana bites you.
* * * LOW HITPOINT WARNING * * *
You barely miss the ogre.
The ogre is severely wounded.
You hit the iguana. The ogre barely misses you. The iguana misses you.
You hit the ogre.
The ogre is severely wounded.
You hit the iguana. You closely miss the ogre.
The ogre is severely wounded.
You barely miss the iguana. The iguana barely misses you.
The ogre closely misses you.
You hit the ogre but do no damage.
The ogre is severely wounded.
You closely miss the iguana.
The iguana bites you but does no damage.
You barely miss the ogre.
The ogre is severely wounded.
You hit the iguana.
The ogre hits you with a +0 giant spiked club!!
You die...

#......# #..#
######.# #..#
#.####..#
#...##..#
###.##..##
#..#...##
##......##
#########.#..l#
#...........O@#
#.........#####
#......)..#
#.........#
#.........#
#.........#
#.........#
#.........#
#.........#


You could see an ogre and an iguana.

Vanquished Creatures
  Edmund (D:4)
  2 phantoms
  A howler monkey (D:5)
  8 hounds
  A gnoll bouda (D:5)
  Crazy Yiuf (D:4)
  3 iguanas
  An orc wizard (D:3)
  9 adders
  2 ufetubi (D:5)
  A worm (D:3)
  12 orcs
  10 ball pythons
  4 endoplasms
  4 giant cockroaches
  11 goblins
  11 hobgoblins
  10 jackals
  2 quokkas
  6 bats
  3 frilled lizards
  10 kobolds
  8 rats (D:1)
121 creatures vanquished.

Notes
Turn   | Place    | Note
-------+----------+-------------------------------------------
     0 | D:1      | iamoutofideas the Hill Orc Monk began the quest for the
                  | Orb.
     0 | D:1      | Reached XP level 1. HP: 19/19 MP: 1/1
   179 | D:1      | Reached XP level 2. HP: 22/27 MP: 2/2
   593 | D:1      | Found a faded altar of an unknown god.
   644 | D:1      | Reached XP level 3. HP: 33/33 MP: 3/3
   822 | D:1      | Reached skill level 1 in Armour
  1657 | D:2      | Reached skill level 5 in Axes
  1657 | D:2      | Reached XP level 4. HP: 40/40 MP: 4/4
  1925 | D:2      | Identified the +9 short sword "Toewuaq" {flame, *Corrode
                  | rElec rPois rC+}
  2303 | D:2      | Found an ancient bone altar of Kikubaaqudgha.
  2664 | D:3      | Found a broken altar of Ashenzari.
  2717 | D:3      | Found a stormy altar of Qazlal.
  2746 | D:3      | Reached XP level 5. HP: 42/46 MP: 5/5
  3504 | D:4      | Reached skill level 6 in Axes
  3597 | D:4      | Reached XP level 6. HP: 49/52 MP: 6/6
  3767 | D:4      | Reached skill level 7 in Axes
  3970 | D:4      | Reached skill level 8 in Axes
  4126 | D:4      | Reached XP level 7. HP: 52/59 MP: 7/7
  4323 | D:4      | Noticed Edmund
  4352 | D:4      | Gained mutation: Your skin changes colour to match your
                  | surroundings (Stealth+). [potion of mutation]
  4397 | D:4      | Killed Edmund
  4398 | D:4      | Reached skill level 9 in Axes
  4477 | D:4      | Found a runed translucent door.
  4478 | D:4      | Noticed Crazy Yiuf
  4492 | D:4      | Killed Crazy Yiuf
  4538 | D:5      | Entered Level 5 of the Dungeon
  4912 | D:5      | Reached skill level 10 in Axes
  4923 | D:5      | Reached XP level 8. HP: 45/66 MP: 8/8
  5113 | D:4      | Mangled by an ogre

Illustrated notes

Levels and vault maps discovered:
D:1:      onia_arrival_handbag, layout_basic,
          ebering_ecumenical_altar_sacrificial
D:2:      layout_basic, basic_altar
D:3:      layout_basic, mainiacjoe_overflow_catch_the_wave,
          minmay_fractal_squares_5
D:4:      layout_basic, chequers_serial_rivers_micro_e,
          minmay_increasing_density, uniq_crazy_yiuf_cottage, uniq_edmund
D:5:      minmay_polygon_palace, layout_rooms

Skill      XL: |  1  2  3  4  5  6  7 |
---------------+----------------------+-----
Fighting       | 4 |  4.1
Armour         | 1 2 3 4 |  4.0
Axes           | 5 6 8 10 | 10.9
Dodging        | |  2.7
Stealth        | |  1.5

Action                   |  1- 3 |  4- 6 |  7- 9 || total
-------------------------+-------+-------+-------++-------
Melee: Hand axe          |   132 |   259 |   166 ||   557
       Punch             |     2 |     1 |     4 ||     7
  Use: Potion            |       |     2 |    10 ||    12
 Stab: Sleeping          |     6 |     2 |     1 ||     9
       Distracted        |     1 |       |       ||     1
Armor: Robe              |    50 |       |       ||    50
       Leather armour    |    11 |    35 |       ||    46
       Skin              |       |    22 |    18 ||    40
       Ring mail         |       |   107 |    89 ||   196
Dodge: Dodged            |   102 |   144 |   137 ||   383
